 Dungeon Crawl Stone Soup version 0.23.0-3-gf3c87f2 (webtiles) character file.

Game seed: 513851663809010201

848 Hasart the Conjurer (level 7, -1/50 HPs)
             Began as a Demigod Wizard on Feb 24, 2019.
             Shot with an arrow by a centaur (9 damage)
             ... on level 6 of the Dungeon.
             The game lasted 00:21:21 (6274 turns).

Hasart the Conjurer (Demigod Wizard)                Turns: 6274, Time: 00:21:22

Health: -1/50      AC:  4    Str: 10    XL:     7   Next: 41%
Magic:  16/16      EV: 12    Int: 26    God:
Gold:   234        SH:  0    Dex: 14    Spells: 4/14 levels left

rFire    . . .     SeeInvis .   f - +2 dagger (venom)
rCold    . . .     Gourm    .   (no shield)
rNeg     . . .     Faith    .   a - +0 robe
rPois    .         Spirit   .   C - +2 hat
rElec    .         Reflect  .   v - scarf {cloud immunity}
rCorr    .         Harm     .   (no gloves)
MR       +....                  (no boots)
Stlth    +.........             (no amulet)
HPRegen  0.16/turn              j - ring of protection from magic
MPRegen  0.15/turn              B - ring of attention (curse)

@: no status effects
A: high mp 1
a: no special abilities


You were on level 6 of the Dungeon.
You were not hungry.

You visited 1 branch of the dungeon, and saw 6 of its levels.

You collected 234 gold pieces.

Inventory:

Hand Weapons
 f - a +2 dagger of venom (weapon)
Armour
 a - a +0 robe (worn)
 k - a +0 helmet
 n - a +2 cloak
 v - a scarf of cloud immunity (worn)
 C - a +2 hat (worn)
Jewellery
 j - a ring of protection from magic (left hand)
 x - an uncursed ring of flight
 B - a cursed ring of attention (right hand)
Wands
 m - a wand of disintegration (10)
 E - a wand of flame (9)
Scrolls
 e - 3 scrolls of remove curse
 g - 2 scrolls of fog {unknown}
 i - a scroll of fear {unknown}
 l - 2 scrolls of teleportation {unknown}
 r - 3 scrolls of amnesia {unknown}
 s - a scroll of random uselessness {unknown}
 t - a scroll of immolation {unknown}
 w - 2 scrolls of enchant armour {unknown}
 y - a scroll of magic mapping {unknown}
 A - 2 scrolls of identify {unknown}
Potions
 b - a potion of flight {unknown}
 c - a potion of magic {unknown}
 h - a potion of agility {unknown}
 o - a potion of cancellation {unknown}
 p - 3 potions of mutation {unknown}
 q - 2 potions of brilliance {unknown}
 u - 3 potions of heal wounds {unknown}
 z - a potion of invisibility {unknown}
Comestibles
 d - 8 rations
 D - 4 chunks of flesh


   Skills:
 - Level 1.7 Dodging
 - Level 1.7 Stealth
 + Level 4.0 Spellcasting
 * Level 5.0 Conjurations
 + Level 3.0 Summonings
 - Level 0.8 Translocations
 + Level 2.5 Air Magic
 + Level 2.6 Poison Magic


You had 4 spell levels left.
You knew the following spells:

 Your Spells              Type           Power        Failure   Level  Hunger
a - Magic Dart            Conj           ####         1%          1    None
b - Blink                 Tloc           N/A          9%          2    None
c - Call Imp              Summ           ###.....     3%          2    None
d - Mephitic Cloud        Conj/Pois/Air  ###.....     6%          3    ##.....
e - Searing Ray           Conj           ####..       1%          2    None

Your spell library contained the following spells:

 Spells                   Type           Power        Failure   Level  Hunger
 Conjure Flame            Conj/Fire      ###.....     9%          3    ##.....
 Dazzling Spray           Conj/Hex       ###...       9%          3    ##.....
 Iskenderun's Mystic Bla  Conj           ####....     11%         4    ####...
 Slow                     Hex            #.......     13%         2    None
 Force Lance              Conj/Tloc      ###.....     26%         4    ####...
 Fulminant Prism          Conj/Hex       ###.......   30%         4    ####...


Dungeon Overview and Level Annotations

Branches:
Dungeon (6/15)             Temple (0/1) D:5


Innate Abilities, Weirdness & Mutations

You have an increased reservoir of magic. (+10% MP)


Message History

You now have 234 gold pieces (gained 9).
E - a wand of flame (9)
Found 15 stones.
A centaur comes into view.
The centaur shouts!
The centaur wields a +0 shortbow.
The centaur shoots an arrow.
The arrow hits you!
You see here an arrow.
A centaur is nearby!
The centaur shoots an arrow.
The arrow closely misses you.
You hear a shout!
A centaur comes into view.
The centaur shouts!
The centaur wields a +0 shortbow.
The centaur shoots an arrow.
The arrow hits you!
You see here an arrow.
The centaur shoots an arrow.
The arrow hits you!
* * * LOW HITPOINT WARNING * * *
The centaur shoots an arrow.
The arrow hits you!
You die...

...# ...# ..c....
# ##....#..
#(##....c..#
#.#.....%..#.
#............
#@##....#
#.#####(##....#
#........(....#
#.............#
#.....(#.....##
#.###.#......(####
# #.#..รท.........
#..#..<....#..
#.#............


You could see 2 centaurs.

Vanquished Creatures
  Sigmund (D:3)
  A phantom (D:4)
  An ogre (D:5)
  2 centaurs (D:5)
  2 crimson imps (D:5)
  An iguana (D:5)
  4 orc wizards
  2 worker ants
  Robin (D:3)
  A worker ant zombie (D:5)
  3 adders
  A shadow imp (D:5)
  An ooze (D:2)
  4 worms
  3 dart slugs
  6 orcs
  3 ball pythons
  9 giant cockroaches
  10 goblins
  8 hobgoblins
  3 jackals (D:2)
  3 quokkas
  3 bats (D:1)
  6 frilled lizards
  7 kobolds
  8 rats
94 creatures vanquished.

Vanquished Creatures (collateral kills)
  An adder (D:2)
  2 orcs
  A hobgoblin (D:2)
  3 jackals
7 creatures vanquished.

Grand Total: 101 creatures vanquished

Notes
Turn   | Place    | Note
-------+----------+-------------------------------------------
     0 | D:1      | Hasart the Demigod Wizard began the quest for the Orb.
     0 | D:1      | Reached XP level 1. HP: 14/14 MP: 6/6
    33 | D:1      | Reached skill level 1 in Conjurations
   389 | D:1      | Reached XP level 2. HP: 19/20 MP: 0/8
   531 | D:1      | Learned a level 2 spell: Call Imp
   618 | D:1      | Reached skill level 2 in Conjurations
  1195 | D:2      | Reached XP level 3. HP: 26/26 MP: 0/10
  1320 | D:1      | Learned a level 3 spell: Mephitic Cloud
  1428 | D:2      | Reached skill level 1 in Summonings
  2078 | D:2      | Reached XP level 4. HP: 11/33 MP: 0/11
  2539 | D:2      | Reached skill level 3 in Conjurations
  2883 | D:2      | Reached skill level 1 in Poison Magic
  3353 | D:3      | Noticed Robin
  3372 | D:3      | Killed Robin
  3380 | D:3      | Reached skill level 1 in Air Magic
  3498 | D:3      | Reached XP level 5. HP: 32/38 MP: 12/12
  3864 | D:3      | Noticed Sigmund
  3872 | D:3      | Killed Sigmund
  3872 | D:3      | Reached XP level 6. HP: 45/45 MP: 10/14
  4531 | D:4      | Reached skill level 4 in Conjurations
  4830 | D:5      | Entered Level 5 of the Dungeon
  5224 | D:5      | Reached XP level 7. HP: 46/50 MP: 9/16
  5599 | D:5      | Learned a level 2 spell: Blink
  5602 | D:5      | Learned a level 2 spell: Searing Ray
  6040 | D:5      | Found a staircase to the Ecumenical Temple.
  6201 | D:6      | Reached skill level 5 in Conjurations
  6274 | D:6      | Shot with an arrow by a centaur

Skill      XL: |  1  2  3  4  5  6  7 |
---------------+----------------------+-----
Conjurations   | 1 2 3 4 5 |  5.0
Spellcasting   | 3 4 |  4.0
Summonings     | 1 2 3 |  3.0
Poison Magic   | 1 2 |  2.6
Air Magic      | 1 2 |  2.5
Dodging        | |  1.7
Stealth        | |  1.7
Translocations | |  0.8

Action                   |  1- 3 |  4- 6 |  7- 9 || total
-------------------------+-------+-------+-------++-------
Melee: Dagger            |    57 |    92 |     2 ||   151
 Cast: Magic Dart        |    72 |    82 |    44 ||   198
       Call Imp          |     6 |     7 |       ||    13
       Mephitic Cloud    |     5 |     6 |     2 ||    13
  Use: Scroll            |       |     1 |       ||     1
 Stab: Confused          |     2 |     2 |       ||     4
       Sleeping          |       |     3 |       ||     3
  Eat: Chunk             |     2 |     6 |     3 ||    11
       Ration            |     1 |     1 |       ||     2
Armor: Robe              |     8 |    33 |     1 ||    42
Dodge: Dodged            |    46 |    74 |     7 ||   127
